 Dungeon Crawl Stone Soup version 0.31-a0-940-gdaa99269f9 (webtiles) character file.

Game seed: 9593798838695145856

9464 greenreed the Fighter (level 11, -3/95 HPs)
             Began as a Minotaur Fighter on Oct 20, 2023.
             Was an Elder of Hepliaklqana.
             Slain by Urug
             ... wielding a +3 eveningstar of protection
              (25 damage)
             ... on level 11 of the Dungeon on Oct 21, 2023.
             The game lasted 00:23:47 (10360 turns).

greenreed the Fighter (Minotaur Fighter)           Turns: 10360, Time: 00:23:48

Health: -3/95      AC: 14    Str: 25    XL:     11   Next: 23%
Magic:  9/10       EV:  8    Int:  5    God:    Hepliaklqana [****..]
Gold:   462        SH:  6    Dex: 10    Spells: 10/10 levels left

rFire   + . .        G - +2 morningstar (holy)
rCold   . . .        c - +0 buckler
rNeg    . . .        E - +0 chain mail {rF+}
rPois   .            (helmet restricted)
rElec   .            I - +0 cloak
rCorr   .            (no gloves)
SInv    .            s - +0 pair of boots
Will    +....        (no amulet) Stlth
                     w - ring of willpower
HPRegen 0.35/turn    (no ring)
MPRegen 0.12/turn

%: no passive effects
@: mighty
A: reduced essence, horns 2, retaliatory headbutt
a: Renounce Religion, Recall Ancestor, Ancestor Identity, Transference, Idealise


You were on level 11 of the Dungeon.
You worshipped Hepliaklqana.
Hepliaklqana was greatly pleased with you.
You visited 2 branches of the dungeon, and saw 12 of its levels.
You also visited: Sewer.

You collected 546 gold pieces.
You spent 84 gold pieces at shops.

Inventory:

Hand Weapons
 b - a +0 morningstar
 D - a +3 orcbow
 G - a +2 morningstar of holy wrath (weapon)
Missiles
 y - 2 throwing nets
Armour
 c - a +0 buckler (worn)
 q - a +1 kite shield of protection
 s - a +0 pair of boots (worn)
 E - a +0 chain mail of fire resistance (worn)
 I - a +0 cloak (worn)
Jewellery
 i - a ring of magical power
 w - a ring of willpower (left hand)
Wands
 a - a wand of flame (6)
 k - a wand of acid (1)
 F - a wand of roots (3)
Scrolls
 h - a scroll of revelation
 l - 2 scrolls of fear
 m - a scroll of enchant armour
 n - 2 scrolls of enchant weapon
 t - a scroll of immolation
 x - 3 scrolls of teleportation
 z - 3 scrolls of fog
 B - a scroll of noise
 C - 2 scrolls of torment
 H - a scroll of blinking
Potions
 d - a potion of might
 e - 2 potions of haste {unknown}
 f - 4 potions of brilliance
 j - 2 potions of enlightenment
 o - a potion of berserk rage {unknown}
 p - a potion of resistance {unknown}
 r - 2 potions of heal wounds {unknown}
 u - 6 potions of ambrosia
 v - 2 potions of attraction
 A - 3 potions of curing


   Skills:
 * Level 12.8 Fighting
 * Level 12.5 Maces & Flails
 + Level 9.2 Armour
 + Level 9.2 Shields


You had 10 spell levels left.
You didn't know any spells.
Your spell library contained the following spells:

 Spells                   Type           Power      Damage    Failure   Level
 Blink                    Tloc           0%         N/A       98%         2
 Lesser Beckoning         Tloc           0%         N/A       98%         2
 Momentum Strike          Conj/Tloc      0%         3d8       98%         2
 Static Discharge         Conj/Air       0%         3-3/arc   98%         2
 Wereblood                Tmut           0%         N/A       98%         2
 Call Canine Familiar     Summ           0%         N/A       100%        3
 Frozen Ramparts          Ice            0%         1d1       100%        3
 Gell's Gravitas          Tloc           0%         N/A       100%        3
 Ozocubu's Armour         Ice            0%         N/A       100%        3
 Sigil of Binding         Hex            0%         N/A       100%        3
 Teleport Other           Tloc           0%         N/A       100%        3
 Airstrike                Air            0%         2d(0-16)  100%        4
 Dimensional Bullseye     Hex/Tloc       0%         N/A       100%        4
 Leda's Liquefaction      Hex/Erth       0%         N/A       100%        4
 Petrify                  Tmut/Erth      0%         N/A       100%        4
 Summon Lightning Spire   Summ/Air       0%         N/A       100%        4
 Irradiate                Conj/Tmut      0%         3d11      100%        5
 Metabolic Englaciation   Hex/Ice        0%         N/A       100%        5
 Simulacrum               Ice/Necr       0%         N/A       100%        6


Dungeon Overview and Level Annotations

Branches:
Dungeon (11/15)            Temple (1/1) D:4             Orc (0/2) D:9
  Sewer (visited)
   Lair: D:8-11

Altars:
Ashenzari
Cheibriados
Dithmenos
Elyvilon
Fedhas
Gozag
Hepliaklqana
Kikubaaqudgha
Makhleb
Nemelex Xobeh
Okawaru
Qazlal
Ru
Sif Muna
Trog
Uskayaw
Vehumet
Wu Jian
Xom
Yredelemnul
Zin
The Shining One

Shops:
D:1 !   D:4 [   D:6 =   D:7 (   D:10 ?

Annotations:
D:9 2 transporters, bakla's ghost, novice HOHu
D:11 Urug


Innate Abilities, Weirdness & Mutations

Your life essence is reduced to manifest your ancestor. (-10% HP)
You have a pair of horns on your head.
You reflexively headbutt those who attack you in melee.


Message History

The floor.
You fail to use your ability.
Urug throws a javelin.
The javelin pierces through Djefatnebti!!
The javelin barely misses you.
Unknown command.
Select a target.
Press: ? - help, Dir - move target, f/p - Urug
Aim: Urug, wielding a +3 eveningstar of protection, wearing a +0 scale mail and quivering javelins (ally target)
The floor.
Urug swaps with Djefatnebti!
Unknown command.
You feel very mighty all of a sudden.
Urug hits you with a +3 eveningstar of protection.
You miss Urug.
Urug hits you with a +3 eveningstar of protection!!
You hit Urug.
Urug is lightly wounded.
You block Urug's attack.
You hit Urug. You headbutt Urug!
Urug is moderately wounded.
Urug hits you with a +3 eveningstar of protection.
You barely miss Urug. Your headbutt misses Urug.
Urug is moderately wounded.
Urug hits you with a +3 eveningstar of protection.
You barely miss Urug. Your headbutt misses Urug.
Urug is moderately wounded.
Djefatnebti hits Urug but does no damage.
Urug hits you with a +3 eveningstar of protection!!
You are too injured to fight recklessly!
You hit Urug. Your headbutt misses Urug.
Urug is moderately wounded.
Djefatnebti hits Urug with a +0 quarterstaff!
Urug hits you with a +3 eveningstar of protection!!
* * * LOW HITPOINT WARNING * * *
Okay, then.
Unknown command.
Djefatnebti hits Urug but does no damage.
Urug hits you with a +3 eveningstar of protection!!
You die...
Urug screams, "Revenge at last!"

#§ ## #.#
.. #.. .#
#..###.##
#.....$.
.R§#.#
#o#.#
#@<.#
#.###
...#
#.### #.
. ##


You could see the friendly Djefatnebti the battlemage and Urug (ally target).

Vanquished Creatures
  A cyclops (D:9)
  A gargoyle (D:10)
  An unseen horror (D:10)
  A rime drake (D:11)
  A queen bee (D:10)
  A troll (D:10)
  A wraith (D:10)
  2 humans (D:7)
  6 yaks
  A vampire mosquito (D:11)
  An acid dragon (D:10)
  5 orc warriors
  2 ice beasts
  2 wolves
  2 centaurs (D:6)
  An ogre (D:6)
  A phantom (D:4)
  3 bullfrogs
  A scorpion (D:6)
  3 wights (D:7)
  12 killer bees
  A gnoll bouda (D:8)
  2 hounds
  A sleepcap (D:6)
  A bullfrog zombie (D:4)
  5 orc priests
  16 orc wizards
  A hell rat (Sewer)
  3 hound zombies (D:4)
  3 hound skeletons (D:4)
  A howler monkey zombie (D:4)
  5 gnolls
  4 adders
  2 river rats (Sewer)
  3 shadow imps
  4 ufetubi (D:5)
  A worm (D:3)
  2 dart slugs
  39 orcs
  6 endoplasms
  5 giant cockroaches
  5 goblins
  7 hobgoblins
  3 quokkas
  3 ball pythons
  6 bats
  4 frilled lizards
  A jackal skeleton (D:4)
  4 kobolds
  6 rats
193 creatures vanquished.

Vanquished Creatures (collateral kills)
  A two-headed ogre (D:6)
  A troll (D:11)
  3 shadows (D:9)
  2 yaks (D:10)
  A vampire mosquito (D:11)
  A water moccasin (D:9)
  An ice beast (D:11)
  A wolf (D:10)
  A phantom (D:5)
  A scorpion (D:7)
  3 wights (D:7)
  18 killer bees (D:10)
  2 howler monkeys
  A jelly (D:7)
  2 orc wizards (D:7)
  3 gnolls (D:8)
  18 orcs
60 creatures vanquished.

Vanquished Creatures (others)
  5 battlemagi
5 creatures vanquished.

Grand Total: 258 creatures vanquished

Notes
Turn   | Place    | Note
-------+----------+-------------------------------------------
     0 | D:1      | greenreed the Minotaur Fighter began the quest for the Orb.
     0 | D:1      | Reached XP level 1. HP: 19/19 MP: 0/0
   260 | D:1      | Reached XP level 2. HP: 26/27 MP: 1/1
   313 | D:1      | Found Ischiuwk's Distillery.
   690 | D:2      | Reached XP level 3. HP: 33/33 MP: 2/2
  1275 | D:3      | Reached XP level 4. HP: 37/41 MP: 3/3
  1441 | D:3      | Found a glowing drain.
  1467 | Sewer    | Entered a sewer
  1597 | Sewer    | Reached skill level 5 in Fighting
  1640 | Sewer    | Reached XP level 5. HP: 23/46 MP: 4/4
  1982 | D:3      | Found a glowing silver altar of Zin.
  2795 | D:4      | Noticed a phantom
  2810 | D:4      | Killed a phantom
  2811 | D:4      | Reached skill level 5 in Maces & Flails
  2811 | D:4      | Reached XP level 6. HP: 34/57 MP: 5/5
  3012 | D:4      | Found a staircase to the Ecumenical Temple.
  3021 | Temple   | Entered the Ecumenical Temple
  3041 | Temple   | Became a worshipper of Hepliaklqana the Forgotten
  3144 | D:4      | Found a radiant altar of Vehumet.
  3199 | D:4      | Reached skill level 5 in Shields
  3309 | D:4      | Reached skill level 5 in Armour
  3682 | D:4      | Found Ruistriro's Armour Boutique.
  3738 | D:5      | Entered Level 5 of the Dungeon
  3792 | D:5      | Reached XP level 7. HP: 57/64 MP: 6/6
  3869 | D:5      | Reached * piety under Hepliaklqana
  4515 | D:6      | Reached XP level 8. HP: 53/65 MP: 7/7
  4576 | D:6      | Reached ** piety under Hepliaklqana
  4582 | D:6      | Noticed a two-headed ogre
  4583 | D:6      | Remembered your ancestor Djefatnebti as a battlemage
  4799 | D:6      | Found Panoz's Jewellery Shoppe.
  4943 | D:6      | Identified the +1 quarterstaff of Ipse Dixit {flame,
                  | Fragile rF+ Will- Dex+6}
  5434 | D:7      | Found an iron altar of Okawaru.
  5726 | D:7      | Reached XP level 9. HP: 62/74 MP: 8/8
  5953 | D:7      | Reached *** piety under Hepliaklqana
  6151 | D:7      | Found Xinomnul's Antique Weapon Shoppe.
  6885 | D:8      | Reached skill level 10 in Fighting
  7036 | D:8      | Reached skill level 10 in Maces & Flails
  7327 | D:9      | Found an opulent altar of Gozag.
  7327 | D:9      | Noticed a cyclops
  7340 | D:9      | Killed a cyclops
  7406 | D:9      | Reached XP level 10. HP: 68/84 MP: 9/9
  7652 | D:9      | Found a staircase to the Orcish Mines.
  7693 | D:9      | Reached **** piety under Hepliaklqana
  7701 | D:9      | Noticed a two-headed ogre
  7704 | D:9      | Noticed bakla's ghost (novice HOHu)
  7705 | D:9      | Identified the +1 dire flail of Truth {flame, Str+5 Int-3}
  7705 | D:9      | Noticed a two-headed ogre
  7705 | D:9      | Noticed a two-headed ogre
  7705 | D:9      | Noticed a two-headed ogre
  7707 | D:9      | Found a transporter.
  7712 | D:9      | Found a transporter.
  8147 | D:6      | Killed a two-headed ogre
  8245 | D:10     | Entered Level 10 of the Dungeon
  8312 | D:10     | Found a sacrificial altar of Ru.
  8369 | D:10     | Found a sparkling altar of Nemelex Xobeh.
  8528 | D:10     | Identified the +9 falchion of Narrow Tenacity {venom,
                  | Contam Will++}
  8952 | D:10     | Noticed a gargoyle
  8961 | D:10     | Killed a gargoyle
  9247 | D:10     | HP: 4/87 [poisoned by a killer bee]
  9519 | D:10     | Reached XP level 11. HP: 72/94 MP: 10/10
  9800 | D:10     | Found Orod Gam's Magic Scroll Shop.
  9808 | D:10     | Bought 3 scrolls of identify for 84 gold pieces
 10178 | D:11     | Noticed a boulder beetle
 10350 | D:11     | Noticed Urug
 10360 | D:11     | Slain by Urug

Illustrated notes

Levels and vault maps discovered:
D:1:      saegor_arrival_simple_b, layout_loops_cross, serial_shops,
          nicolae_shop_gibbet_a_chance
D:2:      layout_basic
D:3:      layout_loops_corners, mainiacjoe_overflow_catwalk,
          cheibrodos_sewer_entry_bend
D:4:      layout_basic, nicolae_vehumet_radiance, minmay_temple_entry_waves,
          serial_shops, nicolae_shop_tiny_real_fake_doors, serial_undead,
          serial_undead_a, serial_undead_a, serial_undead_e, serial_undead_a
D:5:      layout_gridville
D:6:      layout_basic, serial_shops, shop, minmay_small_thing
D:7:      layout_basic, okawaru_humans, serial_shops, nicolae_shop_dealshenge
D:8:      layout_basic
D:9:      minmay_spotlight, layout_loops_ring, mainiacjoe_overflow_paths,
          orc_0_dummy, gammafunk_ghost_smash
D:10:     layout_basic, mainiacjoe_overflow_swirl, serial_shops, shop,
          special_room [special_room_bee]
D:11:     layout_loops_ring, hellmonk_lair_entry_icy,
          nicolae_wu_jian_wuxing_cycle, uniq_urug
Temple:   nicolae_temple_elliptical

Skill      XL: |  1  2  3  4  5  6  7  8  9 10 11 |
---------------+----------------------------------+-----
Fighting       | 4 5 6 7 9 10 12 | 12.8
Maces & Flails | 3 4 5 6 8 10 12 | 12.5
Armour         | 4 5 6 7 8 9 |  9.2
Shields        | 4 5 6 7 8 9 |  9.2

Action                     |  1- 3 |  4- 6 |  7- 9 | 10-12 || total
---------------------------+-------+-------+-------+-------++-------
  Melee: Flail             |    85 |   170 |   131 |       ||   386
         Headbutt          |     8 |    27 |    33 |    19 ||    87
         Morningstar       |       |       |    59 |   138 ||   197
 Invoke: Recall Ancestor   |       |       |     1 |     1 ||     2
         Ancestor Life: Ba |       |       |     1 |       ||     1
         Transference      |       |       |       |     1 ||     1
  Evoke: Wand              |       |       |     1 |       ||     1
    Use: Potion            |       |     4 |       |     1 ||     5
         Scroll            |       |       |       |    12 ||    12
   Stab: Distracted        |       |       |     2 |       ||     2
 Armour: Scale mail        |    56 |   142 |    12 |       ||   210
         Chain mail        |       |       |   144 |   125 ||   269
  Dodge: Dodged            |    41 |    74 |    60 |    62 ||   237
  Block: Buckler           |    19 |    25 |    35 |    42 ||   121

Table legend: (Time is in decaauts)
 A = Elapsed time spent in this place.
 B = Non-inter-level travel time spent in this place.
 C = Inter-level travel time spent in this place.
 D = Time resting spent in this place.
 E = Time spent auto-exploring this place.
 F = Levels seen in this place.
 G = Mean time per level.
                   A        B        C        D        E       F      G
               +--------+--------+--------+--------+--------+-----+--------+
         Total |  10446 |   9659 |    787 |    501 |   7582 |  13 |  803.5 |
       Dungeon |  10116 |   9367 |    749 |    501 |   7344 |  11 |  919.6 |
        Temple |     40 |      2 |     38 |      0 |      0 |   1 |   40.0 |
         Sewer |    288 |    288 |      0 |      0 |    238 |   1 |  288.0 |
               +--------+--------+--------+--------+--------+-----+--------+

Top non-repeatable levels by time:
    D:10: 2003 daAuts
     D:7: 1190 daAuts
     D:3: 1165 daAuts
     D:4: 1059 daAuts
     D:5: 867 daAuts
     D:8: 855 daAuts
     D:6: 813 daAuts
     D:9: 791 daAuts
     D:1: 667 daAuts
     D:2: 594 daAuts
   Sewer: 288 daAuts
    D:11: 108 daAuts
  Temple: 40 daAuts
